 Dungeon Crawl Stone Soup version 0.32-a0-38-gb04dd89b9b (webtiles) character file.

Game seed: 7166772260024422215

1 cforsyth the Apothecary (level 1, 0/15 HPs)
             Began as a Djinni Enchanter on Jan 23, 2024.
             Slain by a hobgoblin (2 damage)
             ... led by Robin
             ... on level 2 of the Dungeon.
             The game lasted 00:00:20 (39 turns).

cforsyth the Apothecary (Djinni Enchanter)            Turns: 39, Time: 00:00:21

Health: 0/15       AC:  2    Str:  7    XL:     1   Next: 22%
Gold:   0          EV: 12    Int: 16    God:
                   SH:  0    Dex: 13

rFire   + + .        a - +1 dagger
rCold   x . .        (no shield)
rNeg    . . .        b - +0 robe
rPois   ∞            (no helmet)
rElec   .            (no cloak)
rCorr   .            (no gloves)
SInv    .            (boots unavailable)
Will    .....        (no amulet)
Stlth   ++           (no ring)
HPRegen 0.22/turn    (no ring)
MPRegen 0.00/turn

%: infuse magic (-1 HP)
@: flying, invisible
A: sickness immunity, fire resistance 2, cold vulnerability 1, float, innate
caster, HP casting, extra vitality 1
a: no special abilities


You were on level 2 of the Dungeon.
You visited 1 branch of the dungeon, and saw 2 of its levels.

Inventory:

Hand Weapons
 a - a +1 dagger (weapon)
Armour
 b - a +0 robe (worn)
 d - a scarf of repulsion
Potions
 c - a potion of invisibility


   Skills:
 + Level 0.0 Fighting
 - Level 0.8 Short Blades
 - Level 2.1 Dodging
 - Level 2.4 Stealth
 + Level 2.9 Spellcasting
 + Level 2.9 Conjurations
 + Level 2.9 Hexes
 + Level 2.9 Summonings
 + Level 2.9 Necromancy
 + Level 2.9 Translocations
 + Level 2.9 Fire Magic
 + Level 2.9 Ice Magic
 + Level 2.9 Air Magic
 + Level 2.9 Earth Magic
 + Level 2.9 Alchemy


You knew the following spells:

 Your Spells              Type           Power      Damage    Failure   Level
a - Ensorcelled Hibernat  Hex/Ice        22%        N/A       9%          2
b - Confusing Touch       Hex            11%        N/A       17%         3
c - Tukima's Dance        Hex            11%        N/A       17%         3
d - Dazzling Flash        Conj/Hex       22%        N/A       17%         3
Your spell library was empty.

Dungeon Overview and Level Annotations

Branches:
Dungeon (2/15)

Altars:


Innate Abilities, Weirdness & Mutations

You are immune to sickness and miasma.
You are immune to poison.
Your flesh is very heat resistant. (rF++)
You are vulnerable to cold. (rC-)
You float through the air rather than walking.
You learn spells naturally, not from books.
Your magical power is your life essence.
You have superior vitality. (+4 MHP)


Message History

You hit the endoplasm.
The endoplasm is almost dead.
The endoplasm barely misses you.
You hit the endoplasm.
You kill the endoplasm!
No target in view!
No target in view!
No target in view!
No target in view!
No target in view!
No target in view!
No target in view!
No target in view!
A quokka comes into view.
Found 4 gold pieces.
Found 9 gold pieces.
A kobold comes into view. It is wielding a +0 whip.
You see here a scarf of repulsion.
d - a scarf of repulsion The kobold shouts!
The quokka closely misses you. The quokka barely misses you.
The quokka bites you.
There is a stone staircase leading down here.
The quokka barely misses you.
You fly downwards.
The hobgoblin shouts!
You hear a shout! x2; The goblin shouts!
You hear a shout! x3
There is a stone staircase leading up here.
The quokka bites you.
* * * LOW HITPOINT WARNING * * *
A quokka comes into view.
The quokka closely misses you. The quokka barely misses you.
You aren't carrying any scrolls.
You fade into invisibility!
The quokka bites you.
* * * LOW HITPOINT WARNING * * *
The quokka bites you but does no damage.
The hobgoblin hits you.
You die... ##8#### .....# ....# ...# #..# # #######..+ g.g

#....g@g.###.....
#..gr....<....r..
#######+####....#
..# .


You could see a quokka (unable to see you), 2 hobgoblins and a goblin (unable to
see you).

Vanquished Creatures
  An endoplasm (D:1)
1 creature vanquished.

Notes
Turn   | Place    | Note
-------+----------+-------------------------------------------
     0 | D:1      | cforsyth the Djinni Enchanter began the quest for the Orb.
     0 | D:1      | cforsyth set off with the following spells memorised:
                  | Ensorcelled Hibernation, Confusing Touch, Tukima's Dance,
                  | Dazzling Flash.
     0 | D:1      | Reached XP level 1. HP: 15/15 MP: 0/0
    39 | D:2      | Slain by a hobgoblin

Illustrated notes

Levels and vault maps discovered:
D:1:      erik_arrival_blinker_ship, layout_rooms, minivault_11,
          minmay_surrounded
D:2:      layout_basic, serial_corexii_hall, chequers_hall_statues_y,
          chequers_hall_statues_y, corexii_hall_statues_i,
          corexii_hall_statues_i, corexii_hall_statues_x,
          corexii_hall_statues_deadend, hellmonk_ecumenical_altar_slurped_away,
          uniq_sigmund, uniq_terence, uniq_robin

Action                     || total
---------------------------++-------
  Melee: Dagger            ||     5
    Use: Potion            ||     1
 Armour: Robe              ||     6
  Dodge: Dodged            ||     6

Table legend: (Time is in decaauts)
 A = Elapsed time spent in this place.
 B = Non-inter-level travel time spent in this place.
 C = Inter-level travel time spent in this place.
 D = Time resting spent in this place.
 E = Time spent auto-exploring this place.
 F = Levels seen in this place.
 G = Mean time per level.
                   A        B        C        D        E       F      G
               +--------+--------+--------+--------+--------+-----+--------+
         Total |     38 |     38 |      0 |      0 |     11 |   2 |   19.0 |
       Dungeon |     38 |     38 |      0 |      0 |     11 |   2 |   19.0 |
               +--------+--------+--------+--------+--------+-----+--------+

Top non-repeatable levels by time:
     D:1: 28 daAuts
     D:2: 9 daAuts
